 Dungeon Crawl Stone Soup version 0.10-a0-2521-gd0f13c5 character file.

414 vogonpoet the Caller (level 6, 0/32 HPs)
             Began as a Kobold Summoner on Dec 6, 2011.
             Slain by a gnoll
             ... wielding a +2,+2 spear of freezing
              (4 damage)
             ... on Level 5 of the Dungeon.
             The game lasted 00:21:36 (4288 turns).

vogonpoet the Caller (Kobold Summoner)              Turns: 4288, Time: 00:21:36

HP   0/32        AC  5     Str  8      XL: 6   Next: 51%
MP   4/13        EV 14     Int 15      God:
Gold 137         SH  9     Dex 15      Spells:  2 memorised,  9 levels left

Res.Fire  : . . .   See Invis. : .   B - +0,+1 dagger (elec)
Res.Cold  : . . .   Warding    : . . l - +2 robe
Life Prot.: . . .   Conserve   : .   D - +0 buckler (curse)
Res.Acid. : . . .   Res.Corr.  : .   H - +0 cap
Res.Poison: .       Clarity    : .   (no cloak)
Res.Elec. : .       Spirit.Shd : .   (no gloves)
Sust.Abil.: . .     Stasis     : .   o - +0 pair of boots
Res.Mut.  : .       Ctrl.Telep.: .   (no amulet)
Res.Rott. : .       Levitation : .   (no ring)
Saprovore : + + .   Ctrl.Flight: .   (no ring)

@: slightly resistant to hostile enchantments, stealthy
A: disease resistance, carnivore 3, saprovore 2
a: no special abilities


You were on level 5 of the Dungeon.
You were very full.

You visited 1 branch of the dungeon, and saw 5 of its levels.

You collected 117 gold pieces.

Inventory:

Hand weapons
 n - a +0,+0 sling
 B - a +0,+1 dagger of electrocution (weapon)
 J - a +2,+0 elven short sword
 O - a -1,+0 orcish dagger
Missiles
 e - 12 +2 arrows of flame
 f - 18 +0 bolts
 h - 8 +0 darts
 s - 14 +0 sling bullets
 w - 15 +4 darts (quivered)
 x - 22 +3 darts of dispersal
 A - 3 +3 darts
 K - 12 poisoned +0 needles
Armour
 a - a +0 robe
 l - a +2 robe (worn)
 o - a +0 pair of boots (worn)
 D - a cursed +0 buckler (worn)
 G - the cursed -4 ring mail "Forget-Me-Not" {unknown, Str+2 Dex+5 Dam+3}
   (You found it on level 4 of the Dungeon)

   It affects your strength (+2).
   It affects your dexterity (+5).
   It affects your damage-dealing abilities (+3).
   It has a curse placed upon it.
 H - a +0 cap (worn)
Comestibles
 c - a meat ration
 k - a chunk of bat flesh
 I - a slice of pizza
Scrolls
 d - a scroll of magic mapping {unknown}
 j - 8 scrolls of identify {unknown}
 m - 4 scrolls of fog {unknown}
 p - 2 scrolls of detect curse {unknown}
 q - 2 scrolls of curse jewellery {unknown}
 y - 5 scrolls of remove curse {unknown}
 C - a scroll of random uselessness {unknown}
 F - 2 scrolls of teleportation {unknown}
 L - a scroll of enchant weapon II {unknown}
 M - a scroll of curse weapon {unknown}
Jewellery
 r - an uncursed ring of protection from magic {unknown}
Potions
 g - a potion of speed {unknown}
 i - 2 potions of might {unknown}
 t - 5 potions of heal wounds {unknown}
 u - 3 potions of curing {unknown}
 v - a potion of magic {unknown}
 E - a potion of confusion {unknown}
 P - a potion of poison {unknown}
Books
 b - a book of Callings

   Spells                             Type                      Level
   *Summon Small Mammals              Summoning                    1
   *Call Imp                          Summoning                    2
   Call Canine Familiar               Summoning                    3
   Summon Scorpions                   Summoning/Poison             4
   Summon Ice Beast                   Ice/Summoning                4
 N - a book of Annihilations {highlevel}

   This book is beyond your current level of understanding.

   Spells                             Type                      Level
   Poison Arrow                       Conjuration/Poison           6
   Orb of Destruction                 Conjuration                  7
   Chain Lightning                    Conjuration/Air              8
   Lehudib's Crystal Spear            Conjuration/Earth            8
   Ice Storm                          Conjuration/Ice              9
   Fire Storm                         Conjuration/Fire             9


   Skills:
 + Level 0.5 Fighting
 * Level 2.3 Short Blades
 - Level 3.2 Throwing
 - Level 3.0 Dodging
 - Level 3.2 Stealth
 - Level 1.2 Stabbing
 + Level 0.2 Shields
 + Level 0.6 Traps & Doors
 * Level 3.5 Spellcasting
 * Level 5.3 Summonings


You had 9 spell levels left.
You knew the following spells:

 Your Spells              Type           Power        Success   Level  Hunger
a - Summon Small Mammals  Summ           ####.        Excellent   1    None
b - Call Imp              Summ           ####......   Excellent   2    Choko

Dungeon Overview and Level Annotations

Branches:
Dungeon (5/27)
 Temple: D:4-7

Altars:
Ashenzari
Sif Muna


Innate Abilities, Weirdness & Mutations

You recuperate from illness quickly.
You are small and have problems with some larger weapons.
You are carnivorous and can eat meat at any time.
You can eat rotten meat.


Message History

The gnoll throws a spear.
The spear hits your crimson imp.
An arrow misses the gnoll!
You swap places.
The small snake barely misses your crimson imp.
You see here a rotting jackal corpse.
The small snake bites your crimson imp.
There is a stone staircase leading up here.
Casting: Call Imp
Confirm with . or Enter, or press ? or * to list all spells.
A beastly little devil appears in a puff of flame.
The small snake bites your crimson imp.
Casting: Call Imp
Confirm with . or Enter, or press ? or * to list all spells.
A beastly little devil appears in a puff of flame.
The small snake misses your crimson imp.
Your crimson imp blinks!
The gnoll hits you from afar with a glowing spear!
* * * LOW HITPOINT WARNING * * *
The gnoll freezes you.
You die...

###### ###########..#.#
#..##.##5@##..##
#.....###.5S###### ###
##...#####g5g#...#
#.###..#.###.#%##s...#####
##.#.##..#..<..[..5..#....#
#..#...###............#.###
##..###.............g#.##.#
##.....#.#..........%.%....###
#.......###..................#


You could see a scorpion, 2 gnolls, a small snake and friendly 3 crimson imps.

Vanquished Creatures
  An ogre (D:4)
  An orc priest (D:3)
  A worker ant (D:4)
  An orc wizard (D:5)
  A gnoll (D:5)
  A worm (D:5)
  3 giant geckos
  7 orcs
  3 hobgoblins
  5 jackals
  6 bats
  3 giant cockroaches
  3 giant newts
  4 goblins
  3 kobolds
  5 rats
  2 small snakes
  2 toadstools (D:5)
52 creatures vanquished.

Vanquished Creatures (collateral kills)
  A gnoll sergeant (D:5)
  An orc priest (D:5)
  An orc wizard (D:5)
  3 snakes
  A worm (D:5)
  3 orcs
  A bat (D:1)
  2 giant cockroaches
  3 goblins (D:1)
  3 hobgoblins
  A jackal (D:5)
  2 kobolds (D:1)
  A giant newt (D:5)
  A rat (D:1)
24 creatures vanquished.

Vanquished Creatures (others)
  A crimson imp (D:5)
  4 white imps (D:5)
  A grey rat (D:1)
  A quokka (D:1)
  A bat (D:1)
  3 rats (D:1)
  2 toadstools
13 creatures vanquished.

Grand Total: 89 creatures vanquished

Notes
Turn   | Place    | Note
--------------------------------------------------------------
     0 | D:1      | vogonpoet, the Kobold Summoner, began the quest for the Orb.
     0 | D:1      | Reached XP level 1. HP: 10/10 MP: 3/3
   557 | D:1      | Reached XP level 2. HP: 13/15 MP: 4/4
   682 | D:1      | Reached skill level 1 in Throwing
   704 | D:1      | Learned a level 2 spell: Call Imp
  1517 | D:2      | Reached skill level 1 in Stabbing
  1517 | D:2      | Reached XP level 3. HP: 19/19 MP: 1/6
  2641 | D:3      | Reached XP level 4. HP: 24/24 MP: 5/8
  3211 | D:4      | Got a faintly glowing ring mail
  3256 | D:4      | Found a deep blue altar of Sif Muna.
  3282 | D:4      | Found a shattered altar of Ashenzari.
  3477 | D:4      | Reached XP level 5. HP: 28/28 MP: 5/10
  3781 | D:5      | Entered Level 5 of the Dungeon
  3838 | D:4      | Reached skill level 1 in Short Blades
  3932 | D:5      | Reached XP level 6. HP: 27/32 MP: 6/12
  3940 | D:5      | Reached skill level 5 in Summonings
  4288 | D:5      | Slain by a gnoll
